[Event "*** Titled Tuesday Blitz"]
[Site "Chess.com"]
[Date "2018.04.03"]
[Round "1"]
[White "26andrej26"]
[Black "Federer999"]
[Result "0-1"]
[WhiteElo "2322"]
[BlackElo "2660"]
[TimeControl "180+2"]
[EndTime "13:06:38 PDT"]
[Termination "Federer999 won by resignation"]

1. e4 c6 2. Nc3 d5 3. d4 dxe4 4. Nxe4 Bf5 5. Ng3 Bg6 6. Nf3 Nd7 7. h4 h6 8. h5 Bh7 9. Bd3 Bxd3 10. Qxd3 Ngf6 11.
Bd2 e6 12. O-O-O Be7 13. Kb1 Qb6 14. Rhe1 O-O 15. Nf5 exf5 16. Rxe7 Qd8 17. Re2 Ne4 18. g3 Ndf6 19. Nh4 Re8 20. Qf3 Qxd4 21. Nxf5 Qd5 22.
Ka1 Rad8 23. Qf4 Nxd2 24. Rexd2 Qxd2 25. Nxh6+ gxh6 26. Rb1 0-1

[Event "*** Titled Tuesday Blitz"]
[Site "Chess.com"]
[Date "2018.04.03"]
[Round "1"]
[White "guillembaches"]
[Black "BKMZBKMZ"]
[Result "0-1"]
[WhiteElo "2240"]
[BlackElo "2581"]
[TimeControl "180+2"]
[EndTime "13:06:39 PDT"]
[Termination "BKMZBKMZ won on time"]

1. d4 Nf6 2. Bf4 g6 3. Nc3 d5 4.
e3 Bg7 5. h4 c6 6. h5 Nxh5 7.
Rxh5 gxh5 8. Qxh5 Nd7 9. Nf3 Nf6 10. Qh2 Bf5 11. Ne5 e6 12. O-O-O Nd7 13. g4 Bg6 14. Bd3 Bxd3 15. cxd3 Qe7 16. Qh5 Nxe5 17. dxe5 O-O-O 18. d4 f6 19. exf6 Bxf6 20. Kb1 Rdg8 21.
Rc1 Rg6 22. Nb5 Kd7 23. e4 Bg5 24. Bd6 Qf7 25. f4 Bxf4 26. Rf1 Rf6 27. Qxf7+ Rxf7 28. Bxf4 cxb5 0-1

[Event "*** Titled Tuesday Blitz"]
[Site "Chess.com"]
[Date "2018.04.03"]
[Round "1"]
[White "julinha97"]
[Black "SmoothAsAHedgehog"]
[Result "0-1"]
[WhiteElo "2225"]
[BlackElo "2565"]
[TimeControl "180+2"]
[EndTime "13:06:44 PDT"]
[Termination "SmoothAsAHedgehog won by checkmate"]

1. e4 e5 2. Nf3 Nc6 3. Bc4 Bc5 4.
c3 Nf6 5. d3 d6 6. O-O Bb6 7.
a4 O-O 8. b4 a6 9. h3 Ne7 10.
Re1 Ng6 11. Nbd2 h6 12. Nf1 Nh7 13. Ng3 Qf6 14. Nh5 Qe7 15. Ng3 Ng5 16. Nxg5 hxg5 17. Qh5 Nf4 18. Bxf4 gxf4 19. Nf5 Qf6 20. Qf3 g6 21. Nh6+ Kg7 22. Ng4 Qh4 23. a5 Ba7 24.
Rad1 Bxg4 25. hxg4 Rh8 26. Kf1 Qf6 27. Ke2 Rh2 28. Rh1 Rah8 29. Rxh2 Rxh2 30. d4 exd4 31. cxd4 Bxd4 32. g5 Qe5 33. Bd5 c6 34. Bb3 d5 35.
Bc2 Rh8 36. Kd3 Rd8 37. exd5 Rxd5 38. Kc4 Ba1 39. Be4 Rxd1 40. Qxd1 Qc3# 0-1

[Event "*** Titled Tuesday Blitz"]
[Site "Chess.com"]
[Date "2018.04.03"]
[Round "1"]
[White "nubair1198"]
[Black "PowerThinking2650"]
[Result "1-0"]
[WhiteElo "2578"]
[BlackElo "2239"]
[TimeControl "180+2"]
[EndTime "13:06:45 PDT"]
[Termination "nubair1198 won by resignation"]

1. d4 Nf6 2. c4 g6 3. Nc3 Bg7 4.
e4 d6 5. Nf3 O-O 6. Be2 e5 7.
O-O Nc6 8. d5 Ne7 9. b4 Nh5 10.
Re1 a5 11. bxa5 f5 12. Ng5 Nf6 13. c5 dxc5 14. Bc4 Kh8 15. d6 cxd6 16. Nf7+ Rxf7 17.
Bxf7 Nxe4 18. Nxe4 fxe4 19. Bg5 Bf5 20. g4 h6 21. gxf5 hxg5 22. fxg6 Nf5 23. Rxe4 Qf6 24. Qf3 d5 25. Qh5+ Nh6 26. Bxd5 Qf5 27. Rb1 Rf8 28.
Rb2 c4 29. Rxc4 e4 30. Bxe4 Qf4 31. Rbc2 g4 32. Bxb7 g3 33. Rxf4 1-0

[Event "*** Titled Tuesday Blitz"]
[Site "Chess.com"]
[Date "2018.04.03"]
[Round "1"]
[White "Kislov_Oleg"]
[Black "BartoszSocko"]
[Result "0-1"]
[WhiteElo "2259"]
[BlackElo "2593"]
[TimeControl "180+2"]
[EndTime "13:06:48 PDT"]
[Termination "BartoszSocko won by resignation"]

1. e4 e6 2. d4 d5 3. Nd2 Nf6 4. e5 Nfd7 5. Bd3 c5 6. c3 b6 7.
Ndf3 Ba6 8. Ne2 Bxd3 9. Qxd3 Nc6 10. O-O Be7 11. Nf4 Qc7 12. Nh5 g6 13. Ng7+ Kf8 14.
Bh6 Kg8 15. c4 dxc4 16. Qxc4 Na5 17. Nxe6 Qb7 18. Qa4 fxe6 19. Ng5 Bxg5 20. Bxg5 h6 21.
Bh4 Kh7 22. Rad1 Rhf8 23. Be7 Rf7 24. Bd6 Qc6 25. Qa3 Nc4 26. Qh3 Nxd6 27. Qxe6 Re8 28. d5 Rxe6 29. dxe6 Nxe5 30. exf7 Nexf7 0-1

[Event "*** Titled Tuesday Blitz"]
[Site "Chess.com"]
[Date "2018.04.03"]
[Round "1"]
[White "AndrewMcStone"]
[Black "FMJoseHerrera"]
[Result "0-1"]
[WhiteElo "2113"]
[BlackElo "2484"]
[TimeControl "180+2"]
[EndTime "13:06:52 PDT"]
[Termination "FMJoseHerrera won by resignation"]

1. d4 Nf6 2. c4 c5 3. d5 b5 4. cxb5 a6 5. f3 g6 6. e4 Bg7 7. Na3 O-O 8. Ne2 d6 9. Nc3 Nbd7 10. Be3 h5 11. bxa6 Qa5 12. Nc4 Qc7 13. Nb5 Qb8 14. a4 Bxa6 15. Nca3 h4 16. Be2 h3 17. g3 Ne5 18.
O-O Qc8 19. Nc4 Bxb5 20. axb5 Nfd7 21. Nxe5 Nxe5 22. f4 Nd7 23. Ra6 c4 24. Qa4 Rxa6 25. bxa6 c3 26. bxc3 Qxc3 27. Bf2 Nc5 28. Qc4 Qd2 29.
Rd1 Qb2 30. Qc1 Qxe2 0-1

[Event "*** Titled Tuesday Blitz"]
[Site "Chess.com"]
[Date "2018.04.03"]
[Round "1"]
[White "oskariot"]
[Black "mishanick"]
[Result "0-1"]
[WhiteElo "2413"]
[BlackElo "2854"]
[TimeControl "180+2"]
[EndTime "13:06:56 PDT"]
[Termination "mishanick won by resignation"]

1. e4 c5 2. Nf3 d6 3. d4 cxd4 4.
Nxd4 Nf6 5. Nc3 a6 6. h4 Nc6 7. Nb3 g6 8. Be2 h5 9. Bg5 Bg7 10. Qd2 Be6 11. O-O-O Rc8 12. Kb1 Na5 13. Nxa5 Qxa5 14.
Bxf6 Rxc3 15. Qxc3 Qxa2+ 16. Kc1 Bxf6 17. Qa3 Qxa3 18.
bxa3 Kd7 19. f4 Rc8 20. e5 Bg7 21. Bf3 b5 22. exd6 exd6 23. Bd5 Bf5 24. Bb3 Rc3 25.
Rhe1 Rg3 26. Bxf7 Rxa3 27. Be8+ Kc8 28. Bf7 Bc3 29. Re8+ Kd7 0-1

[Event "*** Titled Tuesday Blitz"]
[Site "Chess.com"]
[Date "2018.04.03"]
[Round "1"]
[White "LuisFSiles"]
[Black "kasparik_garik"]
[Result "0-1"]
[WhiteElo "2156"]
[BlackElo "2517"]
[TimeControl "180+2"]
[EndTime "13:06:57 PDT"]
[Termination "kasparik_garik won by checkmate"]

1. e4 g6 2. Nc3 Bg7 3. f4 c5 4.
Nf3 Nc6 5. d3 d6 6. Be2 Nf6 7.
O-O O-O 8. Qe1 Bg4 9. Qh4 Bxf3 10. Bxf3 Nd4 11. Bd1 e6 12. Ne2 Nd7 13. Qxd8 Rfxd8 14. c3 Nxe2+ 15. Bxe2 b5 16. a3 Rab8 17. Bd2 a5 18.
Rfc1 f5 19. Bf3 Kf7 20. Kf2 Nb6 21. b3 d5 22. e5 c4 23. bxc4 dxc4 24. d4 Bf8 25.
Rcb1 Nd5 26. Bxd5 Rxd5 27. Be3 Be7 28. g3 Ke8 29. h4 h5 30. Ke2 Kd7 31. Ra2 Kc6 32.
Kd2 Rd7 33. Kc2 Kd5 34. Kd2 Rdb7 35. Kc2 b4 36. axb4 axb4 37. Ra5+ Ke4 38. Bd2 b3+ 39. Kb2 Kd3 40. Be1 Rb5 41. Ra7 R8b7 42. Ra8 Bd8 43.
Rba1 Bb6 44. Rg8 Rc7 45. Rxg6 Bxd4 46. Rxe6 Ra7 47. Rd6 Rxa1 48. Kxa1 Kc2 49. cxd4 b2+ 50. Ka2 b1=Q+ 51. Ka3 Qb3# 0-1

[Event "*** Titled Tuesday Blitz"]
[Site "Chess.com"]
[Date "2018.04.03"]
[Round "1"]
[White "gemarin"]
[Black "1977Ivan"]
[Result "0-1"]
[WhiteElo "1854"]
[BlackElo "2431"]
[TimeControl "180+2"]
[EndTime "13:06:57 PDT"]
[Termination "1977Ivan won by checkmate"]

1. d4 Nf6 2. c4 e6 3. Nf3 c5 4. g3 cxd4 5. Nxd4 Qc7 6. b3 a6 7.
Bg2 h5 8. h4 Bc5 9. Bb2 Nc6 10.
e3 Ne5 11. Nc3 d6 12. Rc1 Bd7 13. O-O Neg4 14. Qe2 e5 15. Nf3 Bc6 16. Rfd1 Nxf2 17. Qxf2 Ng4 18. Qe2 Bxe3+ 19. Kf1 Bc5 20. Nd5 Bxd5 21.
cxd5 Qb6 22. Rd3 O-O 23. Rc4 f5 24. Rdc3 Bf2 25. Bh3 Bxg3 26. Kg2 f4 27. Qc2 Ne3+ 28. Rxe3 Qxe3 29. Ng5 f3+ 30. Kf1 Qe1# 0-1

[Event "*** Titled Tuesday Blitz"]
[Site "Chess.com"]
[Date "2018.04.03"]
[Round "1"]
[White "Vrolijk"]
[Black "1random"]
[Result "1-0"]
[WhiteElo "2505"]
[BlackElo "2150"]
[TimeControl "180+2"]
[EndTime "13:07:01 PDT"]
[Termination "Vrolijk won by resignation"]

1. d4 Nf6 2. c4 e6 3. Nf3 b6 4. g3 Bb7 5. Bg2 Be7 6. O-O O-O 7. d5 exd5 8. Nh4 c6 9. cxd5 Nxd5 10. Nf5 Nc7 11. e4 d5 12. Nc3 Bf6 13. exd5 Nxd5 14. Nxd5 cxd5 15. Ne3 Nc6 16. Nxd5 Bd4 17. Re1 Bc5 18.
Bf4 Rc8 19. a3 Re8 20. Rxe8+ Qxe8 21. b4 Bf8 22. Qg4 Kh8 23. Rd1 Ne5 24. Qh5 Bxd5 25. Bxd5 Ng6 26. Be3 Rc3 27. Qf5 f6 28. h4 Rxa3 29.
h5 Ne7 30. Qe6 Qd8 31. h6 Nxd5 32. Rxd5 Ra1+ 33. Kh2 Qe7 34. hxg7+ Kxg7 35. Rd7 1-0

[Event "*** Titled Tuesday Blitz"]
[Site "Chess.com"]
[Date "2018.04.03"]
[Round "1"]
[White "SL0M"]
[Black "GMMatamoros"]
[Result "0-1"]
[WhiteElo "1701"]
[BlackElo "2427"]
[TimeControl "180+2"]
[EndTime "13:07:03 PDT"]
[Termination "GMMatamoros won on time"]

1. Nf3 Nf6 2. c4 g6 3. g3 Bg7 4. Bg2 O-O 5. O-O d6 6. Nc3 e5 7.
d3 h6 8. Rb1 a5 9. a3 Re8 10. Nd2 c6 11. b4 axb4 12. axb4 d5 13. b5 h5 14. bxc6 bxc6 15. cxd5 cxd5 16. h3 Be6 17. Nc4 Nc6 18. Bg5 Ra6 19. Nd2 Qd7 20. Kh2 Nh7 21. Be3 d4 22. Nce4 dxe3 23. Nc5 Qd6 24. Nxa6 exd2 25. Qxd2 h4 0-1

[Event "*** Titled Tuesday Blitz"]
[Site "Chess.com"]
[Date "2018.04.03"]
[Round "1"]
[White "Sebastian"]
[Black "GameOverBro"]
[Result "1-0"]
[WhiteElo "2795"]
[BlackElo "2403"]
[TimeControl "180+2"]
[EndTime "13:07:04 PDT"]
[Termination "Sebastian won by resignation"]

1. e4 d6 2. d4 Nf6 3. Nc3 e5 4. Nf3 Nbd7 5. Bc4 Be7 6. a4 c6 7. O-O h6 8. Qe2 Qc7 9. Rd1 Nf8 10. d5 Ng6 11. a5 O-O 12. a6 b5 13. Bb3 b4 14. Na2 c5 15. c3 bxc3 16. Nxc3 Nh5 17.
g3 Nf6 18. Ba4 Bg4 19. Bc6 Rab8 20. Nb5 Rxb5 21. Bxb5 Nh7 22. Bd3 Bg5 23. h4 Bxc1 24. Rdxc1 Rb8 25. Rc3 Nf6 26. Raa3 Qd7 27. Rab3 Rxb3 28.
Rxb3 Qa4 29. Rb8+ Kh7 30. Kg2 c4 31. Bxc4 Nh5 32. Ng5+ hxg5 33. Qxg4 Nhf4+ 34. gxf4 Nxf4+ 35. Kh2 Qxc4 36. Qf5+ Ng6 37. h5 1-0

[Event "*** Titled Tuesday Blitz"]
[Site "Chess.com"]
[Date "2018.04.03"]
[Round "1"]
[White "volodja49"]
[Black "Annawel"]
[Result "0-1"]
[WhiteElo "2415"]
[BlackElo "2879"]
[TimeControl "180+2"]
[EndTime "13:07:05 PDT"]
[Termination "Annawel won by resignation"]

1. d4 d6 2. e4 g6 3. c4 Bg7 4.
Nc3 Nf6 5. f3 c5 6. dxc5 O-O 7.
cxd6 exd6 8. Bf4 Nh5 9. Bxd6 Nc6 10. Bxf8 Qxf8 11. Qd2 Bh6 12. Qf2 Be6 13. g3 Rd8 14. f4 Qb4 15. Rd1 Re8 16. Qd2 Bxc4 17. Bxc4 Qxc4 18. Nge2 Qc5 19. Kf1 b5 20. a3 a5 21.
Qd5 Qe3 22. Rd3 Qb6 23. Qxb5 Qc7 24. Nd5 Qc8 25. Kg2 Rxe4 26. Nec3 Re6 27. Rhd1 Bf8 28.
R1d2 Rd6 29. Nf6+ Rxf6 30. Rd7 Re6 31. Qd5 Nf6 32. Qd3 Nxd7 33. Qxd7 Qxd7 0-1

[Event "*** Titled Tuesday Blitz"]
[Site "Chess.com"]
[Date "2018.04.03"]
[Round "1"]
[White "RitvarsReimanis"]
[Black "ShimanovAlex"]
[Result "0-1"]
[WhiteElo "2371"]
[BlackElo "2715"]
[TimeControl "180+2"]
[EndTime "13:07:05 PDT"]
[Termination "ShimanovAlex won by resignation"]

1. d4 Nf6 2. c4 g6 3. f3 Bg7 4. e4 d6 5. Ne2 O-O 6. Be3 a6 7.
Nec3 c6 8. a4 a5 9. Na3 Na6 10.
Be2 e5 11. d5 Nc5 12. O-O Nh5 13. g3 f5 14. exf5 Bxf5 15. g4 Nf4 16. Bxf4 exf4 17. gxf5 Rxf5 18. Kh1 Rh5 19. Rf2 Qb6 20. Bf1 Nb3 21. Rg2 Nxa1 22. Qxa1 Qe3 23. Qd1 Re8 24.
dxc6 bxc6 25. Nc2 Qb6 26. Ne4 d5 27. cxd5 cxd5 28. Nf2 Qxb2 29. Nd3 Qf6 30. Qd2 Kh8 31. Nxf4 Rf5 32. Nxd5 Qd6 33. Nce3 Rxf3 34. Qxa5 Bd4 35. Bb5 Bxe3 36. Bxe8 Rf1+ 0-1

[Event "*** Titled Tuesday Blitz"]
[Site "Chess.com"]
[Date "2018.04.03"]
[Round "1"]
[White "TastyFrenchFries"]
[Black "Zkid"]
[Result "0-1"]
[WhiteElo "2295"]
[BlackElo "2627"]
[TimeControl "180+2"]
[EndTime "13:07:06 PDT"]
[Termination "Zkid won by resignation"]

1. e4 c5 2. Nf3 d6 3. Bb5+ Nd7 4. O-O Nf6 5. Re1 e5 6. c3 a6 7. Bd3 Be7 8. Bc2 b5 9. d3 O-O 10. Nbd2 Bb7 11. Nf1 Qc7 12. Ne3 Rfe8 13. Nf5 Bf8 14. h3 d5 15. Qe2 Rad8 16. Bg5 dxe4 17. dxe4 c4 18. Rad1 Re6 19. Bh4 Nc5 20. Rxd8 Qxd8 21. Rd1 Qc7 22. Bg3 Nfxe4 23. Bh2 g6 24. Ne3 Nf6 25.
Ng5 Re8 26. Ng4 Nxg4 27. Qxg4 Qe7 28. b4 cxb3 29. axb3 Bc8 30. Qg3 Bg7 31. Re1 Qd8 32.
h4 Qd2 33. Qe3 Rd8 34. Kf1 Qxc2 35. Qxc5 Qd3+ 36. Kg1 Qe2 37. Rxe2 Rd1+ 0-1

[Event "*** Titled Tuesday Blitz"]
[Site "Chess.com"]
[Date "2018.04.03"]
[Round "1"]
[White "PenguinPacks"]
[Black "temiksmozg"]
[Result "0-1"]
[WhiteElo "2143"]
[BlackElo "2503"]
[TimeControl "180+2"]
[EndTime "13:07:09 PDT"]
[Termination "temiksmozg won by resignation"]

1. e4 e6 2. d4 d5 3. Nc3 Bb4 4. e5 Qd7 5. a3 Bxc3+ 6. bxc3 b6 7. Nf3 h6 8. a4 Nc6 9. Bb5 a6 10.
Bd3 Na5 11. Qe2 Ne7 12. Ba3 Bb7 13. O-O Ng6 14. Qe3 Nc4 15. Bxc4 dxc4 16. Nd2 Bd5 17. f4 Nh4 18. Rf2 a5 19. Qg3 Nf5 20. Qh3 Qd8 21. Nf1 Qh4 22. Qxh4 Nxh4 23. Ne3 g6 24. Ng4 Kd7 25. Nf6+ Kc6 26. Rb1 h5 27. g3 Nf5 28. Kf1 Rad8 29. Ke1 Kb7 30. Kd2 Bc6 31. Rg1 Bxa4 32. h3 Bc6 33. g4 hxg4 34. hxg4 Ng7 35. Be7 Ra8 36. f5 gxf5 37. gxf5 Nxf5 38. d5 Nxe7 39. dxc6+ Nxc6 40. Ne4 0-1

[Event "*** Titled Tuesday Blitz"]
[Site "Chess.com"]
[Date "2018.04.03"]
[Round "1"]
[White "Sanan_Sjugirov"]
[Black "DiogenesSinopeus"]
[Result "1-0"]
[WhiteElo "2862"]
[BlackElo "2414"]
[TimeControl "180+2"]
[EndTime "13:07:18 PDT"]
[Termination "Sanan_Sjugirov won by resignation"]

1. e4 e5 2. Nf3 Nc6 3. Bb5 a6 4. Ba4 d6 5. O-O Bg4 6. Bxc6+ bxc6 7. d4 Qf6 8. dxe5 dxe5 9. Nbd2 Rd8 10. Qe2 Ne7 11. Qe3 Ng6 12. h3 Bc8 13. Nc4 Bd6 14.
Qc3 O-O 15. Bg5 Qe6 16. Bxd8 Rxd8 17. Nxd6 cxd6 18. Ne1 Nf4 19. Qf3 h5 20. Nd3 g5 21.
Nxf4 exf4 22. Qxh5 Qe5 23. h4 f6 24. Qg6+ Kh8 25. hxg5 fxg5 26. Rad1 Be6 27. Rd3 Rd7 28. Rfd1 a5 29. Qe8+ Kg7 30. Rxd6 1-0

[Event "*** Titled Tuesday Blitz"]
[Site "Chess.com"]
[Date "2018.04.03"]
[Round "1"]
[White "Abrito99"]
[Black "ilmago"]
[Result "1-0"]
[WhiteElo "2437"]
[BlackElo "1909"]
[TimeControl "180+2"]
[EndTime "13:07:20 PDT"]
[Termination "Abrito99 won by resignation"]

1. e4 c5 2. Nf3 d6 3. Bb5+ Bd7 4. a4 Nf6 5. Nc3 Nc6 6. O-O g6 7. Re1 Bg7 8. h3 O-O 9. Bc4 e6 10. d3 a6 11. Bg5 h6 12. Bh4 Rb8 13. Bg3 Qe7 14.
e5 dxe5 15. Nxe5 Nxe5 16. Bxe5 Rbd8 17. Qe2 Bc6 18. Qe3 Rfe8 19. a5 Kh7 20. Qd2 Nd5 21. Bxg7 Kxg7 22. Ne4 f5 23. Ng3 Qf6 24. c3 e5 25. Rad1 Nf4 26. f3 Qh4 27. Qf2 Qf6 28.
Qxc5 Nxh3+ 29. gxh3 Bxf3 30. Rd2 Qh4 31. Qf2 Bc6 32. Nxf5+ 1-0

[Event "*** Titled Tuesday Blitz"]
[Site "Chess.com"]
[Date "2018.04.03"]
[Round "1"]
[White "SergeiAza"]
[Black "AdrianaNikolova"]
[Result "1-0"]
[WhiteElo "2672"]
[BlackElo "2355"]
[TimeControl "180+2"]
[EndTime "13:07:21 PDT"]
[Termination "SergeiAza won by resignation"]

1. e4 c5 2. Nf3 Nc6 3. d4 cxd4 4. Nxd4 Nf6 5. Nc3 d6 6. Bc4 e6 7. Be3 Be7 8. f4 O-O 9. Qf3 Na5 10. Bd3 Qc7 11. O-O-O Nc4 12. Ndb5 Qc6 13. Bxc4 Qxc4 14.
Nxd6 Qa6 15. e5 Nd5 16. Nxd5 exd5 17. Nxc8 Raxc8 18. Kb1 Qc4 19. c3 Rfd8 20. Bd4 Rc6 21. f5 Ra6 22. b3 Qb5 23. Rhe1 Qa5 24. Re2 Bf8 25. e6 f6 26. Rdd2 Be7 27. g4 Qc7 28. h4 b5 29. g5 fxg5 30. f6 Bxf6 31. Bxf6 gxf6 32. hxg5 fxg5 33. Rxd5 Rf8 34. Rxg5+ 1-0

[Event "*** Titled Tuesday Blitz"]
[Site "Chess.com"]
[Date "2018.04.03"]
[Round "1"]
[White "comedy_of_errors"]
[Black "Hikaru"]
[Result "0-1"]
[WhiteElo "2424"]
[BlackElo "2989"]
[TimeControl "180+2"]
[EndTime "13:07:26 PDT"]
[Termination "Hikaru won by resignation"]

1. Nf3 d5 2. g3 g6 3. Bg2 Bg7 4.
O-O e5 5. c4 d4 6. d3 Ne7 7. b4 O-O 8. a4 h6 9. b5 c5 10. Ra2 a5 11. e3 dxe3 12. fxe3 Ra7 13. Nc3 b6 14. Raf2 Rd7 15. Ne1 Bb7 16. e4 Rd6 17.
Nd5 Nd7 18. Nc2 Nc8 19. Nce3 Nf6 20. Nxf6+ Bxf6 21. Ng4 Bg5 22. Nxe5 Bf6 23. Ng4 Bd4 24. Bxh6 Re8 25. Kh1 Bxf2 26. Nxf2 f5 27. Qc1 Rde6 28. Qf4 Nd6 29. Bg5 Qd7 30. Qh4 Nf7 31. Bf4 Qd8 32.
Qxd8 Rxd8 33. exf5 Bxg2+ 34. Kxg2 gxf5 35. Kf3 Kg7 36.
h4 Kg6 37. g4 fxg4+ 38. Kxg4 Rd4 39. h5+ Kg7 40. Rg1 Nh6+ 41. Kf3+ Kf7 42. Bxh6 Rxh6 43.
Rg5 Rf6+ 44. Ke3 Rh4 45. Ne4 Rh3+ 46. Ke2 Rh2+ 47. Ke3 Rf1 48. Rd5 Ke7 49. Re5+ Kd8 50. Rd5+ Kc7 51. Rg5 Rh3+ 52. Ke2 Ra1 53. Rg7+ Kd8 54.
Rg8+ Ke7 55. Rg7+ Kf8 56. Rg6 Ra2+ 57. Kf1 Rh1+ 0-1

[Event "*** Titled Tuesday Blitz"]
[Site "Chess.com"]
[Date "2018.04.03"]
[Round "1"]
[White "Patzel09"]
[Black "r31415"]
[Result "1-0"]
[WhiteElo "2530"]
[BlackElo "2187"]
[TimeControl "180+2"]
[EndTime "13:07:26 PDT"]
[Termination "Patzel09 won by checkmate"]

1. e4 d6 2. d4 Nf6 3. Nc3 g6 4. Nf3 Bg7 5. Bc4 O-O 6. O-O Nxe4 7. Nxe4 d5 8. Bd3 dxe4 9. Bxe4 c6 10. Re1 Nd7 11. Bd3 Nf6 12. h3 Re8 13. c3 Qc7 14.
Ne5 Be6 15. Bf4 Qb6 16. Qe2 Rad8 17. Nc4 Bxc4 18. Bxc4 Nd5 19. Bg3 c5 20. dxc5 Qxc5 21. Rad1 e6 22. Bxd5 Rxd5 23. Rxd5 Qxd5 24. Rd1 Qc6 25.
Rd6 Qa4 26. b3 Qa3 27. c4 Bb2 28. Rd7 Qxa2 29. Rxb7 a5 30. Qf3 Qb1+ 31. Kh2 Qf5 32. Qc6 Rd8 33. Rb5 Qb1 34. Rxa5 Rd1 35. Bf4 Rh1+ 36.
Kg3 Bc1 37. Qe8+ Kg7 38. Be5+ Kh6 39. Qf8+ Kh5 40. Bf4+ f5 41. Qh6# 1-0

[Event "*** Titled Tuesday Blitz"]
[Site "Chess.com"]
[Date "2018.04.03"]
[Round "1"]
[White "jncool68"]
[Black "Vadim_Biliy"]
[Result "1-0"]
[WhiteElo "2495"]
[BlackElo "2134"]
[TimeControl "180+2"]
[EndTime "13:07:27 PDT"]
[Termination "jncool68 won by checkmate"]

1. e4 e5 2. Nf3 Nc6 3. Bb5 Bd6 4. c3 Qf6 5. d4 h6 6. O-O Nge7 7. Re1 Ng6 8. Na3 Bxa3 9. bxa3 O-O 10. Bc4 d6 11. Be3 Bg4 12. h3 Bxf3 13. Qxf3 Qxf3 14. gxf3 Nh4 15.
Be2 f5 16. Reb1 b6 17. Bc4+ Kh7 18. Bd5 Ne7 19. Bxa8 Rxa8 20. dxe5 Nxf3+ 21. Kg2 Nxe5 22. exf5 Nxf5 23. Bd4 Ng6 24. Re1 Rf8 25. Kh2 Ngh4 26. Re6 Nf3+ 27. Kg2 N3xd4 28. cxd4 Nxd4 29. Re7 Rc8 30. Rae1 Nf5 31. Rd7 c5 32. Rxa7 c4 33. Kf3 Nd4+ 34.
Ke4 Nb5 35. Re7 c3 36. Kd3 c2 37. Rc1 Rc3+ 38. Kd2 Rxh3 39. Rg1 h5 40. Rexg7+ Kh8 41. Kxc2 Rxa3 42. R7g5 Nd4+ 43. Kb2 Rh3 44. Rd5 Ne2 45.
Rgg5 Nf4 46. Rxd6 Rh2 47. Rh6# 1-0

[Event "*** Titled Tuesday Blitz"]
[Site "Chess.com"]
[Date "2018.04.03"]
[Round "1"]
[White "kikydu96"]
[Black "igorkovalenko"]
[Result "0-1"]
[WhiteElo "2360"]
[BlackElo "2691"]
[TimeControl "180+2"]
[EndTime "13:07:29 PDT"]
[Termination "igorkovalenko won by resignation"]

1. e4 e6 2. d4 d5 3. Nc3 Bb4 4. e5 c5 5. Bd2 Ne7 6. Nb5 Bxd2+ 7. Qxd2 O-O 8. f4 f6 9. Nf3 Nd7 10. O-O-O Nc6 11. g3 a6 12. Nd6 cxd4 13. Bh3 Qe7 14. Nxc8 Raxc8 15. exf6 Nxf6 16. Ng5 Nb4 17. Bxe6+ Kh8 18.
Bxc8 Rxc8 19. Kb1 h6 20. Rhe1 Qc5 21. Ne6 Qc4 22. b3 Qxc2+ 23. Qxc2 Nxc2 24. Rc1 d3 25. Red1 Rc3 26. Nd4 Kh7 27. Nxc2 dxc2+ 28. Rxc2 Rf3 29.
Rdd2 b5 30. Rc7 Kg6 31. Rc6 a5 32. Rc5 a4 33. Rxb5 a3 34. b4 Ne4 35. Rbxd5 Kf6 36. R5d3 Nxd2+ 37. Kc1 Rxd3 0-1

[Event "*** Titled Tuesday Blitz"]
[Site "Chess.com"]
[Date "2018.04.03"]
[Round "1"]
[White "olomi007"]
[Black "Entilza"]
[Result "1-0"]
[WhiteElo "2545"]
[BlackElo "2205"]
[TimeControl "180+2"]
[EndTime "13:07:29 PDT"]
[Termination "olomi007 won by resignation"]

1. e4 c6 2. d4 d5 3. Nc3 dxe4 4. Nxe4 Bf5 5. Ng3 Bg6 6. h4 h6 7. Nf3 Nd7 8. h5 Bh7 9. Bd3 Bxd3 10. Qxd3 e6 11. Bd2 Ngf6 12. O-O-O Be7 13. Kb1 a5 14. Ne4 a4 15. g4 a3 16. b3 Nxe4 17. Qxe4 Nf6 18.
Qe2 Qb6 19. c4 Bb4 20. Bc1 O-O-O 21. Ne5 Qc7 22. f4 c5 23. g5 Ng8 24. d5 exd5 25.
cxd5 f6 26. Ng6 Rh7 27. d6 Qd7 28. Qc2 f5 29. Ne5 Qe6 30. g6 Rh8 31. Nf7 Nf6 32. Rhe1 Ne4 33. Nxh8 Bxe1 34. Nf7 Nc3+ 35. Ka1 Nxd1 36.
Qxc5+ Kb8 37. Qc7+ Ka7 38. Qxb7+ Kxb7 39. Nxd8+ Kc8 40.
Nxe6 Kd7 41. Nc5+ Kxd6 42. Bxa3 Bc3+ 43. Kb1 Kd5 44. Kc2 1-0

[Event "*** Titled Tuesday Blitz"]
[Site "Chess.com"]
[Date "2018.04.03"]
[Round "1"]
[White "andante"]
[Black "lukas_111111"]
[Result "0-1"]
[WhiteElo "2199"]
[BlackElo "2538"]
[TimeControl "180+2"]
[EndTime "13:07:29 PDT"]
[Termination "lukas_111111 won by resignation"]

1. d4 Nf6 2. Nf3 d5 3. c4 e6 4.
Nc3 Bb4 5. e3 O-O 6. Qb3 c5 7.
dxc5 Nc6 8. cxd5 exd5 9. Bd2 Be6 10. Nd4 Bxc5 11. Nxe6 fxe6 12. g3 Ng4 13. Nd1 Nce5 14. Bg2 Nf3+ 15. Bxf3 Rxf3 16. Rc1 Qf8 17. Qxb7 Re8 18. O-O Ne5 19. Qb5 Bd6 20. Qa6 h5 21.
e4 d4 22. a3 h4 23. Bb4 Bxb4 24. axb4 h3 25. Qe2 d3 26. Qd2 Qf6 27. Ne3 Qg6 28.
Qc3 Qxe4 29. Rfe1 Rxe3 30. f3 Rxe1+ 31. Rxe1 Nxf3+ 32. Kf2 Qxe1+ 33. Kxf3 Qxc3 34. bxc3 Rd8 0-1

[Event "*** Titled Tuesday Blitz"]
[Site "Chess.com"]
[Date "2018.04.03"]
[Round "1"]
[White "Caisachess"]
[Black "KenanGarayev"]
[Result "1-0"]
[WhiteElo "2217"]
[BlackElo "2524"]
[TimeControl "180+2"]
[EndTime "13:07:31 PDT"]
[Termination "Caisachess won by resignation"]

1. e4 e6 2. d4 d5 3. Bd3 Nf6 4. e5 Nfd7 5. f4 c5 6. c3 Nc6 7. Nf3 Qb6 8. Bc2 cxd4 9. cxd4 Bb4+ 10. Nc3 f6 11. O-O fxe5 12. fxe5 g6 13. Kh1 O-O 14.
Bh6 Rxf3 15. Qxf3 Nd8 16. a3 Be7 17. Nxd5 exd5 18. Qxd5+ Ne6 19. Rad1 Qc6 20. Qb3 Nb6 21. d5 Qc4 22. dxe6 Bxe6 23. Qxc4 Bxc4 24. Bd3 Be6 25. Be3 Na4 26. Bd4 Rd8 27. Be4 Kg7 28. b4 Bb3 29. Rd2 Bg5 30. e6+ Kh6 31. Be3 Re8 32. Bxg5+ Kxg5 33. Bxb7 Rxe6 34. Bf3 Bc4 35. Rc1 Nb6 36. Kg1 Kh6 37.
Kf2 a6 38. a4 Bb3 39. a5 Na4 40. Bd5 Rf6+ 41. Ke3 Bxd5 42. Rxd5 Nb2 43. Rdc5 Re6+ 44. Kd4 Re2 45. R5c2 1-0

[Event "*** Titled Tuesday Blitz"]
[Site "Chess.com"]
[Date "2018.04.03"]
[Round "1"]
[White "Divertissement"]
[Black "Chess_Lynx"]
[Result "1-0"]
[WhiteElo "2458"]
[BlackElo "2021"]
[TimeControl "180+2"]
[EndTime "13:07:33 PDT"]
[Termination "Divertissement won by checkmate"]

1. d4 Nf6 2. Nf3 g6 3. Bg5 Bg7 4. Nbd2 O-O 5. c3 d6 6. e4 h6 7. Bh4 c5 8. dxc5 dxc5 9. Bc4 Nc6 10. O-O a6 11. a4 Qb6 12. Qc2 Bg4 13. h3 Bd7 14. e5 Nh5 15. e6 fxe6 16. Qxg6 Nf4 17. Qc2 Kh8 18. Rfe1 e5 19. Bg3 Bf5 20. Qb3 Qc7 21.
Bxf4 exf4 22. Be6 Na5 23. Qa2 c4 24. Bxf5 Rxf5 25. Qb1 Raf8 26. Nh4 Rg5 27. Ng6+ Rxg6 28. Qxg6 Qd7 29. Nf3 Nb3 30. Rad1 Qxa4 31. Rxe7 Rg8 32. Rd8 Qa1+ 33. Kh2 Bxc3 34. Qxg8# 1-0

[Event "*** Titled Tuesday Blitz"]
[Site "Chess.com"]
[Date "2018.04.03"]
[Round "1"]
[White "michaelk123"]
[Black "Zaven_ChessMood"]
[Result "0-1"]
[WhiteElo "2380"]
[BlackElo "2735"]
[TimeControl "180+2"]
[EndTime "13:07:35 PDT"]
[Termination "Zaven_ChessMood won by checkmate"]

1. e4 c5 2. Nf3 d6 3. d4 cxd4 4. Qxd4 a6 5. h3 Nc6 6. Qe3 g6 7. Be2 Bg7 8. O-O Nf6 9. c4 O-O 10. Nc3 Bd7 11. Rb1 Rc8 12. b3 Re8 13. Bb2 Be6 14.
Na4 Nd7 15. Bxg7 Kxg7 16. Rfd1 Qa5 17. Ng5 b5 18. cxb5 axb5 19. Qc3+ Qxc3 20. Nxc3 b4 21. Nxe6+ fxe6 22. Na4 Nf6 23. Bb5 Red8 24. f3 e5 25.
Ba6 Rb8 26. Rbc1 Nd4 27. Rc7 Kf8 28. Kf2 h5 29. Rdc1 h4 30. Ra7 Ne6 31. Rc6 Nd7 32. Bc4 Nd4 33. Rcc7 Ke8 34. Bd5 Nb5 35. Bc6 Nxa7 36.
Rxa7 e6 37. Ke3 g5 38. Kd3 Ke7 39. Ke3 d5 40. exd5 exd5 41. Kd3 Kd6 42. Ra6 Nc5+ 43. Nxc5 Kxc5 44. Ba4 Rb6 45. Ra7 Re6 46. Rc7+ Kb6 47. Rg7 e4+ 48. fxe4 dxe4+ 49. Kc4 e3 50. Rxg5 Re4# 0-1